 Dungeon Crawl Stone Soup version 0.20.0-15-g7f486f2 (webtiles) character file.

27675 vishdafish the Blocker (level 13, -1/103 HPs)
             Began as a Formicid Fighter on June 27, 2017.
             Was the Champion of Okawaru.
             Killed from afar by a manticore (12 damage)
             ... with a volley of spikes
             ... on level 15 of the Dungeon.
             The game lasted 00:46:43 (18316 turns).

vishdafish the Blocker (Formicid Fighter)          Turns: 18316, Time: 00:46:47

Health: -1/103     AC: 20    Str: 24    XL:     13   Next: 67%
Magic:  20/20      EV:  7    Int:  8    God:    Okawaru [******]
Gold:   763        SH: 22    Dex: 10    Spells: 12/12 levels left

rFire    + . .     SeeInvis +   T - +3 war axe of Ancient Evil {flame, rF+ rN+}
rCold    + + +     Gourm    +   n - +2 large shield
rNeg     + + .     Faith    .   Y - +1 plate armour {rC+}
rPois    .         Spirit   .   (helmet unavailable)
rElec    .         Reflect  .   P - +0 cloak "Reki" {rC+}
rCorr    .         Harm     .   w - +2 pair of gloves
MR       ++...                  (no boots)
Stlth    ..........             B - amulet of the gourmand
Regen    0.3/turn               x - ring of positive energy
MPRegen  0.2/turn               G - ring of protection from magic

@: barbed spikes
A: permanent stasis, dig shafts and tunnels, four strong arms, antennae 3,
clumsy 1, cold resistance 1
a: Dig, Shaft Self, Heroism, Finesse, Renounce Religion


You were on level 15 of the Dungeon.
You worshipped Okawaru.
Okawaru was exalted by your worship.
You were not hungry.

You visited 2 branches of the dungeon, and saw 16 of its levels.
You also visited: Labyrinth.

You collected 763 gold pieces.

Inventory:

Hand Weapons
 h - a +2 hand crossbow of freezing
 T - the +3 war axe of Ancient Evil (weapon) {flame, rF+ rN+}
   (You found it on level 12 of the Dungeon)

   It has been specially enchanted to burn those struck by it, causing extra
   injury to most foes and up to half again as much damage against particularly
   susceptible opponents.
   Big, fiery blades are also staple armaments of hydra-hunters.
   It protects you from fire.
   It protects you from negative energy.
 X - the +12 quick blade of Indomitability {vamp, rElec rF+ Int+8 Dex-4}
   (You found it in a labyrinth)

   It inflicts no extra harm, but heals its wielder when it wounds a living foe.
   It affects your intelligence (+8).
   It affects your dexterity (-4).
   It protects you from fire.
   It insulates you from electricity.
Missiles
 F - 52 bolts
Armour
 n - a +2 large shield (worn)
 w - a +2 pair of gloves (worn)
 P - the +0 cloak "Reki" (worn) {rC+}
   (Okawaru gifted it to you on level 11 of the Dungeon)

   It protects you from cold.
 Y - a +1 plate armour of cold resistance (worn)
Jewellery
 x - a ring of positive energy (left hand)
 B - an amulet of the gourmand (around neck)
 G - a ring of protection from magic (right hand)
 V - an uncursed ring of flight
Wands
 a - a wand of lightning (8/15)
 u - a wand of disintegration (9/24)
 z - a wand of lightning (10/15)
 A - a wand of confusion (27/48)
 D - a wand of acid (10/15)
 N - a wand of confusion (21/48)
 S - a wand of polymorph (11/24)
 U - a wand of random effects (14/48)
 W - a wand of random effects (32/48)
Scrolls
 b - 2 scrolls of remove curse
 d - a scroll of brand weapon {unknown}
 g - a scroll of torment
 i - a scroll of recharging
 k - 2 scrolls of noise {unknown}
 l - 2 scrolls of fear {unknown}
 m - 2 scrolls of magic mapping {unknown}
 o - a scroll of random uselessness {unknown}
 p - 5 scrolls of enchant armour {unknown}
 q - 3 scrolls of immolation {unknown}
 r - 4 scrolls of amnesia
 s - 5 scrolls of teleportation
 v - 2 scrolls of fog {unknown}
 y - 2 scrolls of enchant weapon {unknown}
 C - 2 scrolls of vulnerability {unknown}
 K - a scroll of holy word {unknown}
 M - a scroll of silence {unknown}
 R - 3 scrolls of blinking {unknown}
Potions
 e - a potion of brilliance
 f - a potion of cancellation
 j - a potion of degeneration {unknown}
 t - 3 potions of lignification
 I - a potion of haste
 O - 2 potions of curing
 Z - a potion of ambrosia {unknown}
Books
 J - a book of Changes

   Spells                             Type                      Level
   a - Beastly Appendage              Transmutation                1
   b - Sticks to Snakes               Transmutation                2
   c - Spider Form                    Transmutation/Poison         3
   d - Ice Form                       Ice/Transmutation            4
   e - Blade Hands                    Transmutation                5
 Q - Qeri's Incunabulum of Companions
   (You found it in a labyrinth)

   Spells                             Type                      Level
   a - Summon Guardian Golem          Hexes/Summoning              3
   b - Recall                         Summoning/Translocation      3
   c - Summon Ice Beast               Ice/Summoning                4
   d - Summon Lightning Spire         Summoning/Air                4
Miscellaneous
 H - a box of beasts
Comestibles
 c - a meat ration
 E - 6 royal jellies
 L - 4 bread rations


   Skills:
 + Level 9.9 Fighting
 * Level 12.0 Axes
 + Level 10.0 Armour
 * Level 13.9 Shields
 * Level 10.3 Invocations


You had 12 spell levels left.
You didn't know any spells.

Dungeon Overview and Level Annotations

Branches:
Dungeon (15/15)            Temple (1/1) D:5            Lair (0/6) D:10
    Orc (0/2) D:11         Vaults (0/5) D:14
 Depths: D:15

Altars:
Ashenzari
Elyvilon
Fedhas
Kikubaaqudgha
Makhleb
Okawaru
Ru
Sif Muna
Uskayaw
Vehumet
Zin

Shops:
D:4 :   D:8 (   D:11 [

Annotations:
D:4 Menkaure


Innate Abilities, Weirdness & Mutations

You cannot be hasted, slowed, berserked, paralysed or teleported.
You can dig through walls and to a lower floor.
Your four strong arms can wield two-handed weapons with a shield.
You have a pair of large antennae on your head. (SInv)
You are clumsy. (Dex -2)
Your flesh is cold resistant. (rC+)


Message History

A cyclops comes into view.
You slash the fire giant!
The fire giant is lightly wounded.
The fire giant gestures at you while chanting.
The bolt of fire hits you! You resist.
You can't shaft yourself on this level.
Found 24 gold pieces.
The fire giant points at you and mumbles some strange words.
The fireball explodes!
The fireball engulfs you! You resist.
* * * LOW HITPOINT WARNING * * *
You hear a shout! x2
The manticore flicks its tail.
You block the volley of spikes. The fire giant casts a spell at you.
The bolt of fire hits you! You resist.
* * * LOW HITPOINT WARNING * * *
The manticore flicks its tail.
The volley of spikes hits you!
The barbed spikes become lodged in your body.
You die...

#.# .. #.####.# #####
#....... ...#
#.......
###.####O?C....
#...{{{{Ds.....
#.#{####.......
#.#####C#H#.###.....#
#...@...............#
#..####.#.#.#####.#.#
#... $...### ##.#.#
##.# ##.### ###....#
#.# #.# #......#
##.## #.# #.....##
##.<.###.# #..####
#[....# .# #..#
#.....##.######..##


You could see a fire giant and a manticore.

Vanquished Creatures
  A minotaur (Lab)
  A hydra (D:13)
  2 centaur warriors
  4 two-headed ogres
  A death knight (D:14)
  4 unseen horrors
  A wizard (D:14)
  A deep troll (D:14)
  A wolf spider (D:15)
  2 cyclopes (D:11)
  An ugly thing (D:12)
  2 manticores (D:14)
  A centaur zombie (D:13)
  4 gargoyles
  2 centaur skeletons (D:11)
  An efreet (D:11)
  A freezing wraith (D:14)
  2 minotaur zombies (Lab)
  A meliai (D:11)
  6 trolls
  A merfolk (D:12)
  3 slime creatures (D:12)
  2 hippogriffs
  A tarantella (shapeshifter) (D:13)
  A wraith (D:10)
  5 wyverns
  8 yaks
  A shadow (D:11)
  2 hungry ghosts (D:11)
  4 vampire mosquitoes
  A soldier ant (D:15)
  2 water moccasins
  2 acid dragons
  8 orc warriors
  4 sky beasts
  4 phantoms
  2 eyes of draining
  A necrophage (D:10)
  6 ogres
  13 centaurs
  A big kobold (D:8)
  9 bullfrogs
  A wyvern zombie (D:8)
  4 scorpions
  10 killer bees (D:9)
  5 wights (D:12)
  10 howler monkeys
  4 crimson imps
  2 bullfrog zombies
  6 hounds
  3 jellies
  7 orc priests
  3 bullfrog skeletons
  3 iguanas
  Jessica (D:3)
  12 orc wizards
  Natasha (twice) (D:2)
  11 worker ants
  A hound skeleton (D:3)
  A mummy (D:8)
  3 worker ant zombies
  7 gnolls
  A howler monkey skeleton (D:4)
  11 adders
  3 shadow imps
  2 oozes (D:3)
  An adder skeleton (D:4)
  3 worms
  3 dart slugs
  7 leopard geckos
  51 orcs
  5 giant cockroaches
  7 goblins
  10 hobgoblins
  5 jackals
  16 kobolds
  6 quokkas
  A ball python (D:2)
  6 bats
  8 frilled lizards
  A goblin zombie (D:8)
  A kobold zombie (D:8)
  4 rats
368 creatures vanquished.

Notes
Turn   | Place    | Note
-------+----------+-------------------------------------------
     0 | D:1      | vishdafish the Formicid Fighter began the quest for the Orb.
     0 | D:1      | Reached XP level 1. HP: 18/18 MP: 1/1
    70 | D:1      | Reached XP level 2. HP: 24/24 MP: 2/2
   321 | D:1      | Reached XP level 3. HP: 27/29 MP: 3/3
  1119 | D:2      | Noticed Natasha
  1124 | D:2      | Killed Natasha
  1124 | D:2      | Reached skill level 4 in Shields
  1124 | D:2      | Reached XP level 4. HP: 30/37 MP: 4/4
  1604 | D:2      | Noticed Natasha
  1619 | D:2      | Killed Natasha
  1619 | D:2      | Reached XP level 5. HP: 28/42 MP: 5/5
  2012 | D:3      | Reached XP level 6. HP: 25/48 MP: 6/6
  2227 | D:3      | Noticed a phantom
  2227 | D:3      | Noticed an ogre
  2239 | D:3      | HP: 1/48 [ogre/giant club (14)]
  2242 | D:3      | Killed an ogre
  2242 | D:3      | Reached skill level 5 in Shields
  2544 | D:3      | Killed a phantom
  2544 | D:3      | Reached XP level 7. HP: 55/55 MP: 7/7
  2789 | D:3      | Noticed Jessica
  2809 | D:3      | Killed Jessica
  3377 | D:4      | Found Iclil's Book Shoppe.
  3479 | D:4      | Reached skill level 5 in Armour
  3479 | D:4      | Reached skill level 6 in Shields
  3667 | D:4      | Noticed Menkaure
  3672 | D:5      | Entered Level 5 of the Dungeon
  3682 | D:5      | Reached skill level 5 in Fighting
  4282 | D:5      | Reached skill level 5 in Axes
  4461 | D:5      | Reached XP level 8. HP: 26/62 MP: 8/8
  4525 | D:5      | Found a staircase to the Ecumenical Temple.
  4613 | Temple   | Entered the Ecumenical Temple
  4731 | Temple   | Became a worshipper of Warmaster Okawaru
  4910 | D:6      | Gained mutation: You are frail. (-10% HP) [potion of mutation]
  4910 | D:6      | Gained mutation: You possess an exceptional clarity of mind. [potion of mutation]
  4931 | D:6      | Gained mutation: You are very frail. (-20% HP) [mutagenic meat]
  4933 | D:6      | Gained mutation: Your muscles are strong. (Str +2) [mutagenic meat]
  4936 | D:6      | Gained mutation: Your mind is acute. (Int +2) [mutagenic meat]
  5372 | D:6      | Found a sacrificial altar of Ru.
  5381 | D:6      | Reached skill level 7 in Shields
  5447 | D:6      | Found a white marble altar of Elyvilon.
  5580 | D:6      | Found a blossoming altar of Fedhas.
  5673 | D:6      | Reached * piety under Okawaru
  5798 | D:7      | Found a hide-covered altar of Uskayaw.
  6264 | D:7      | You fall through a shaft!
  6306 | D:8      | Noticed a hippogriff
  6309 | D:8      | You fall through a shaft for 2 floors!
  6309 | D:10     | Entered Level 10 of the Dungeon
  6760 | D:10     | Noticed a hippogriff
  6779 | D:10     | Killed a hippogriff
  6779 | D:10     | Reached XP level 9. HP: 24/55 MP: 9/9
  6965 | D:10     | Found a staircase to the Lair.
  6966 | D:10     | Noticed a centaur warrior
  6979 | D:10     | Killed a centaur warrior
  6979 | D:10     | Reached ** piety under Okawaru
  6979 | D:10     | Reached skill level 8 in Shields
  7215 | D:10     | Noticed a troll
  7227 | D:10     | Killed a troll
  7227 | D:10     | Reached skill level 9 in Shields
  7441 | D:10     | Noticed a troll
  7446 | D:10     | Noticed a two-headed ogre
  7448 | D:10     | Killed a troll
  7448 | D:10     | Reached *** piety under Okawaru
  7448 | D:10     | Reached XP level 10. HP: 49/61 MP: 10/10
  7478 | D:9      | You fall through a shaft for 2 floors!
  7577 | D:11     | Noticed a cyclops
  7598 | D:11     | Killed a cyclops
  7598 | D:11     | Reached skill level 10 in Shields
  7861 | D:11     | Noticed a gargoyle
  7900 | D:11     | Killed a gargoyle
  7900 | D:11     | Reached **** piety under Okawaru
  7900 | D:11     | Reached skill level 1 in Invocations
  8702 | D:8      | Got a pair of spiked boots
  8708 | D:8      | Identified the +0 pair of boots of Qazlal's Esteem {rPois rF+ rN+ Dex-5} (You found it on level 8 of the Dungeon)
  8846 | D:8      | Found Loloty's Antique Weapon Shop.
  8971 | D:8      | Reached ***** piety under Okawaru
  9062 | D:8      | You fall through a shaft for 2 floors!
  9076 | D:10     | Killed a two-headed ogre
  9076 | D:10     | Received a gift from Okawaru
  9076 | D:10     | Reached XP level 11. HP: 67/67 MP: 12/14
  9453 | D:9      | Reached skill level 11 in Shields
  9826 | D:9      | Noticed a two-headed ogre
  9844 | D:8      | Killed a two-headed ogre
  9844 | D:8      | Reached skill level 5 in Invocations
 10964 | D:11     | Reached skill level 10 in Axes
 11175 | D:10     | Received a gift from Okawaru
 11451 | D:11     | Noticed a cyclops
 11861 | D:11     | Killed a cyclops
 11908 | D:11     | Received a gift from Okawaru
 11911 | D:11     | Got a dazzling cloak {god gift}
 11917 | D:11     | Identified the +0 cloak "Reki" {rC+} (Okawaru gifted it to you on level 11 of the Dungeon)
 12071 | D:11     | Found a staircase to the Orcish Mines.
 12072 | D:11     | Found Pany's Armour Shop.
 12132 | D:11     | Reached XP level 12. HP: 60/75 MP: 17/17
 12203 | D:11     | You fall through a shaft for 3 floors!
 12510 | D:14     | Reached skill level 12 in Shields
 12851 | D:12     | Noticed an unseen horror
 12878 | D:12     | Killed an unseen horror
 13038 | D:12     | Lost mutation: You are very frail. (-20% HP) [potion of mutation]
 13038 | D:12     | Lost mutation: Your mind is acute. (Int +2) [potion of mutation]
 13038 | D:12     | Lost mutation: You are frail. (-10% HP) [potion of mutation]
 13038 | D:12     | Lost mutation: Your muscles are strong. (Str +2) [potion of mutation]
 13038 | D:12     | Lost mutation: You possess an exceptional clarity of mind. [potion of mutation]
 13038 | D:12     | Gained mutation: You are clumsy. (Dex -2) [potion of mutation]
 13038 | D:12     | Gained mutation: You do not regenerate when monsters are visible. [potion of mutation]
 13038 | D:12     | Lost mutation: You do not regenerate when monsters are visible. [potion of mutation]
 13038 | D:12     | Gained mutation: Your flesh is cold resistant. (rC+) [potion of mutation]
 13040 | D:12     | Found a labyrinth entrance.
 13054 | Lab      | Entered a labyrinth
 14174 | Lab      | Noticed a minotaur
 14184 | Lab      | Killed a minotaur
 14185 | Lab      | Identified Qeri's Incunabulum of Companions
 14187 | Lab      | Got a bloodstained quick blade
 14443 | Lab      | Identified the +12 quick blade of Indomitability {vamp, rElec rF+ Int+8 Dex-4} (You found it in a labyrinth)
 14773 | D:11     | Noticed a two-headed ogre
 14781 | D:11     | Killed a two-headed ogre
 15045 | D:11     | Noticed a yaktaur captain
 15047 | D:11     | Noticed a sphinx
 15056 | D:11     | You fall through a shaft for 3 floors!
 15402 | D:13     | Noticed an unseen horror
 15414 | D:13     | Killed an unseen horror
 15414 | D:13     | Reached skill level 13 in Shields
 15467 | D:12     | Reached XP level 13. HP: 94/101 MP: 19/19
 15510 | D:12     | Got a shimmering war axe
 15511 | D:12     | Identified the cursed +3 war axe of Ancient Evil {flame, rF+ rN+} (You found it on level 12 of the Dungeon)
 15630 | D:12     | Received a gift from Okawaru
 17067 | D:13     | Noticed a seven-headed hydra
 17075 | D:13     | Killed a one-headed hydra
 17455 | D:14     | Reached skill level 10 in Invocations
 17665 | D:14     | Found a gate to the Vaults.
 17822 | D:14     | Found a radiant altar of Vehumet.
 18220 | D:15     | Entered Level 15 of the Dungeon
 18286 | D:15     | Noticed a centaur warrior
 18286 | D:15     | Noticed a centaur warrior
 18288 | D:15     | Noticed a six-headed hydra
 18289 | D:15     | Noticed a fire giant
 18298 | D:15     | Killed a centaur warrior
 18298 | D:15     | Reached skill level 10 in Armour
 18305 | D:15     | Reached ****** piety under Okawaru
 18316 | D:15     | Killed from afar by a manticore

Skill      XL: |  1  2  3  4  5  6  7  8  9 10 11 12 13 |
---------------+----------------------------------------+-----
Axes           | 3 4 5 6 7 9 10 11 12 | 12.0
Shields        | 4 5 6 7 9 10 11 13 | 13.9
Fighting       | 4 5 6 7 8 9 |  9.9
Armour         | 4 5 6 7 8 9 10 | 10.0
Invocations    | 4 6 8 10 | 10.3

Action                   |  1- 3 |  4- 6 |  7- 9 | 10-12 | 13-15 || total
-------------------------+-------+-------+-------+-------+-------++-------
Melee: War axe           |    65 |   173 |   328 |   403 |   203 ||  1172
       Battleaxe         |       |       |       |   571 |    11 ||   582
 Fire: Hand crossbow     |       |       |       |     5 |       ||     5
Invok: Heroism           |       |       |       |     3 |       ||     3
       Finesse           |       |       |       |     1 |       ||     1
 Abil: Shaft Self        |       |       |     2 |     3 |       ||     5
Evoke: Box of beasts     |       |       |       |       |     1 ||     1
  Use: Potion            |       |     1 |     3 |    11 |       ||    15
       Scroll            |       |       |     7 |     3 |     3 ||    13
 Stab: Invisible         |       |       |     1 |       |       ||     1
       Paralysed         |       |       |     1 |       |       ||     1
  Eat: Bread ration      |     1 |       |     1 |     1 |       ||     3
       Royal jelly       |       |     1 |     1 |       |     1 ||     3
       Chunk             |       |       |    10 |    17 |       ||    27
       Meat ration       |       |       |     2 |     2 |     2 ||     6
       Fruit             |       |       |       |     4 |       ||     4
Armor: Scale mail        |     4 |       |       |       |       ||     4
       Plate armour      |    39 |   106 |   130 |   269 |    58 ||   602
       Skin              |       |       |       |     1 |       ||     1
Dodge: Dodged            |    12 |    25 |    38 |   126 |    13 ||   214
Block: Shield            |    37 |    44 |       |       |       ||    81
       Large shield      |       |    70 |   314 |  1086 |   194 ||  1664
